 Dungeon Crawl Stone Soup version 0.29.1-1-gd02db6906a (webtiles) character file.

Game seed: 9312954122490797401

167 warriortoast the Conjurer (level 5, 0/28 HPs)
             Began as a Deep Elf Conjurer on Sept 24, 2022.
             Slain by an orc priest
             ... wielding a +1 trident of freezing
              (2 damage)
             ... on level 3 of the Dungeon.
             The game lasted 00:05:27 (3221 turns).

warriortoast the Conjurer (Deep Elf Conjurer)       Turns: 3221, Time: 00:05:27

Health: 0/28       AC:  2    Str:  4    XL:     5   Next: 23%
Magic:  1/15       EV: 12    Int: 25    God:
Gold:   59         SH:  0    Dex: 13    Spells: 14/15 levels left

rFire   . . .      SeeInvis .   (no weapon)
rCold   . . .      Faith    .   (no shield)
rNeg    . . .      Spirit   .   a - +0 robe
rPois   .          Reflect  .   (no helmet)
rElec   .          Harm     .   (no cloak)
rCorr   .          Rampage  .   (no gloves)
Will    .....                   (no boots)
Stlth   ++........              (no amulet)
HPRegen 0.09/turn               (no ring)
MPRegen 0.14/turn               (no ring)

@: no status effects
A: no striking features
a: no special abilities


You were on level 3 of the Dungeon.
You visited 1 branch of the dungeon, and saw 3 of its levels.

You collected 59 gold pieces.

Inventory:

Armour
 a - a +0 robe (worn)
Magical Staves
 d - a staff of cold
Jewellery
 p - a ring of wizardry
Wands
 o - a wand of light (11)
Scrolls
 c - a scroll of enchant armour {unknown}
 g - a scroll of enchant weapon {unknown}
 i - a scroll of poison {unknown}
 j - 4 scrolls of identify {unknown}
 m - a scroll of noise {unknown}
Potions
 b - a potion of magic
 e - a potion of might {unknown}
 f - 2 potions of curing {unknown}
 h - a potion of cancellation {unknown}
 k - a potion of resistance {unknown}
 l - a potion of mutation {unknown}
 n - a potion of invisibility {unknown}
 q - 3 potions of heal wounds {unknown}
 r - a potion of ambrosia {unknown}


   Skills:
 - Level 2.4 Dodging
 - Level 2.4 Stealth
 + Level 5.6 Spellcasting
 + Level 5.9 Conjurations


You had 14 spell levels left.
You knew the following spells:

 Your Spells              Type           Power      Damage    Failure   Level
a - Magic Dart            Conj           100%       1d8       1%          1

Your spell library contained the following spells:

 Spells                   Type           Power      Damage    Failure   Level
 Searing Ray              Conj           74%        2d7       1%          2
 Dazzling Flash           Conj/Hex       44%        N/A       7%          3
 Freeze                   Ice            28%        1d5       8%          1
 Iskenderun's Battlesphe  Conj           37%        2d9       19%         5
 Fulminant Prism          Conj/Hex       11%        3d9       22%         4
 Hailstorm                Conj/Ice       22%        3d7       22%         4
 Iskenderun's Mystic Bla  Conj/Tloc      22%        2d6       22%         4
 Frozen Ramparts          Ice            14%        1d3       24%         3
 Iron Shot                Conj/Erth      11%        9d3       98%         6
 Spellforged Servitor     Conj/Summ      11%        N/A       100%        7


Dungeon Overview and Level Annotations

Branches:
Dungeon (3/15)

Altars:

Shops:
D:1 :


Message History

You have reached level 5!
The magic dart hits the orc.
The orc is severely wounded.
The magic dart hits the orc.
You kill the orc!
The magic dart hits the orc.
The orc is moderately wounded.
The magic dart hits the orc.
You kill the orc!
The magic dart hits the orc!
You kill the orc!
The magic dart hits the orc priest but does no damage.
The magic dart hits the orc priest.
The orc priest is lightly wounded.
The magic dart hits the orc priest.
The orc priest is heavily wounded.
The magic dart hits the orc priest but does no damage.
The orc priest is heavily wounded.
The magic dart hits the orc priest but does no damage.
The orc priest is heavily wounded.
The orc priest looks satisfied for a moment.
The magic dart hits the orc priest but does no damage.
The orc priest is heavily wounded.
The orc priest invokes the aid of Beogh against you.
Beogh smites you!
Ouch! That really hurt!
* * * LOW HITPOINT WARNING * * *
You are too injured to fight recklessly!
You are too injured to fight recklessly!
Casting: Magic Dart (safe; 1% risk of failure)
Confirm with . or Enter, or press ? or * to list all spells.
Aiming: Magic Dart (safe; 1% risk of failure)
Press: ? - help, Shift-Dir - straight line, f/p - orc priest
Aim: an orc priest, wielding a +1 trident of freezing and wearing a +0 ring mail (heavily wounded, 100% to hit)
The magic dart hits the orc priest but does no damage.
The orc priest is heavily wounded.
The orc priest hits you from afar with a +1 trident of freezing.
* * * LOW HITPOINT WARNING * * *
The orc priest freezes you.
You die...

##### ....# .[..#
###########
..(.###.........###
..(..).........>@.#
#######.[.......#.#
#.........#o#
#.......(.#)#
#.........#)#
#########.#)# #.#.#
#.#.. #.#


You could see an orc priest.

Vanquished Creatures
  An orc priest (D:3)
  An orc wizard (D:3)
  2 adders
  4 worms
  2 dart slugs (D:1)
  13 orcs (D:3)
  4 ball pythons (D:1)
  3 bats
  3 endoplasms (D:1)
  4 giant cockroaches
  10 goblins
  5 hobgoblins
  3 jackals (D:3)
  4 kobolds
  A quokka (D:1)
  A frilled lizard (D:2)
  4 rats
65 creatures vanquished.

Notes
Turn   | Place    | Note
-------+----------+-------------------------------------------
     0 | D:1      | warriortoast the Deep Elf Conjurer began the quest for the
                  | Orb.
     0 | D:1      | Reached XP level 1. HP: 10/10 MP: 6/6
   230 | D:1      | Reached XP level 2. HP: 15/15 MP: 3/8
   434 | D:1      | Found Hodufoll's Vocational Training.
   926 | D:1      | Reached skill level 5 in Conjurations
   926 | D:1      | Reached XP level 3. HP: 19/19 MP: 7/10
  1042 | D:1      | Found a faded altar of an unknown god.
  2214 | D:3      | Reached XP level 4. HP: 24/24 MP: 8/12
  2679 | D:3      | Reached skill level 5 in Spellcasting
  3210 | D:3      | Reached XP level 5. HP: 20/28 MP: 11/15
  3221 | D:3      | Slain by an orc priest

Illustrated notes

Levels and vault maps discovered:
D:1:      matt_arrival_refuge, layout_basic, basic_ecumenical_altar,
          chequers_avenue, nicolae_shop_vocational
D:2:      layout_loops_ring
D:3:      layout_basic

Skill      XL: |  1  2  3  4 |
---------------+-------------+-----
Spellcasting   | 4 5 |  5.6
Conjurations   | 5 |  5.9
Dodging        | |  2.4
Stealth        | |  2.4

Action                   |  1- 3 |  4- 6 || total
-------------------------+-------+-------++-------
 Cast: Magic Dart        |    81 |    67 ||   148
Armor: Robe              |     1 |     1 ||     2
Dodge: Dodged            |     7 |       ||     7
